[Event "EYCC Girls-U16 2019"]
[Site "Bratislava"]
[Date "2019.08.04"]
[Round "3.20"]
[White "Filippova, Margarita"]
[Black "Ruzic, Pia Marie"]
[Result "1/2-1/2"]
[ECO "D27"]
[WhiteElo "2029"]
[BlackElo "1830"]
[Annotator "NA"]
[PlyCount "85"]
[EventDate "2019.08.02"]
[EventType "swiss"]
[EventCountry "SVK"]
[SourceTitle "playchess.com"]
[Source "ChessBase"]
[SourceQuality "1"]
[TimeControl "40/5400+30:1800+30"]

1. d4 d5 2. Nf3 Nf6 3. c4 dxc4 4. e3 e6 5. Bxc4 c5 6. O-O a6 7. Bb3 Nc6 8. Nc3 b5 9. a3 Be7 10. d5 exd5 11. Nxd5 Nxd5 12. Bxd5 Bd7 13. a4 Rc8 14. Qe2 Qb6 15. Rd1 Rd8 16. axb5 axb5 17. e4 O-O 18. Be3 Nb4 19. Bb3 Qb8 20. Bd5 Nxd5 21. exd5 Bg4 22. Ra5 c4 23. h3 Bb4 24. Ra6 Bxf3 25. Qxf3 Qe5 26. Ra2 Rd7 27. Bf4 Qf5 28. Ra6 g5 29. Bg3 Qxf3 30. gxf3 Rfd8 31. d6 c3 32. bxc3 Bxc3 33. Rd5 b4 34. Rxg5+ Kf8 35. Rh5 b3 36. Rb6 b2 37. Be5 Bxe5 38. Rxe5 Rxd6 39. Rxb2 Rg6+ 40. Kh2 Rd1 41. Rb8+ Kg7 42. Ree8 Kh6 43. Rg8 1/2-1/2

[Event "EYCC Girls-U16 2019"]
[Site "Bratislava"]
[Date "2019.08.04"]
[Round "3.21"]
[White "Mkrtchyan, Mariam"]
[Black "Dejanovic, Tereza"]
[Result "1-0"]
[ECO "D02"]
[WhiteElo "1981"]
[BlackElo "1834"]
[Annotator "NA"]
[PlyCount "111"]
[EventDate "2019.08.02"]
[EventType "swiss"]
[EventCountry "SVK"]
[SourceTitle "playchess.com"]
[Source "ChessBase"]
[SourceQuality "1"]
[TimeControl "40/5400+30:1800+30"]

1. d4 d5 2. Nf3 Nf6 3. g3 e6 4. Bg2 b5 5. O-O Bb7 6. c3 Nbd7 7. a4 a6 8. Bg5 Be7 9. Nbd2 c5 10. Qc2 O-O 11. Rfd1 c4 12. Bxf6 Nxf6 13. Ne5 Nd7 14. f4 f5 15. Nxd7 Qxd7 16. Nf3 Qc7 17. Qd2 Qb6 18. Ne5 Qd6 19. Rf1 Bf6 20. g4 g6 21. Qe3 Bxe5 22. dxe5 Qd7 23. Qg3 Kh8 24. h4 Rg8 25. g5 Kg7 26. h5 Rh8 27. Qh4 Qd8 28. Bf3 Qb6+ 29. Kg2 d4 30. Qf2 Bxf3+ 31. exf3 bxa4 32. cxd4 Rab8 33. h6+ Kf7 34. Rxa4 Qxb2 35. Rxc4 Qxf2+ 36. Rxf2 Rhc8 37. Rxc8 Rxc8 38. Ra2 Ra8 39. Kf2 Ke7 40. Ke3 Kd7 41. d5 exd5 42. Kd4 Ke6 43. Rb2 Ra7 44. Rb6+ Ke7 45. Kxd5 Rd7+ 46. Kc4 Ra7 47. Kb4 a5+ 48. Ka4 Kf7 49. Rb5 Ke7 50. Rxa5 Rxa5+ 51. Kxa5 Kd7 52. Kb6 Ke8 53. Kc6 Kd8 54. Kd6 Ke8 55. Ke6 Kf8 56. Kd7 1-0

[Event "EYCC Girls-U16 2019"]
[Site "Bratislava"]
[Date "2019.08.04"]
[Round "3.22"]
[White "Juhasz, Judit"]
[Black "Rzali, Sabina"]
[Result "0-1"]
[ECO "C04"]
[WhiteElo "2050"]
[BlackElo "1691"]
[Annotator "NA"]
[PlyCount "134"]
[EventDate "2019.08.02"]
[EventType "swiss"]
[EventCountry "SVK"]
[SourceTitle "playchess.com"]
[Source "ChessBase"]
[SourceQuality "1"]
[TimeControl "40/5400+30:1800+30"]

1. e4 e6 2. d4 d5 3. Nd2 Nc6 4. Ngf3 Nf6 5. e5 Nd7 6. Be2 f6 7. exf6 Qxf6 8. Nf1 Bd6 9. Bg5 Qf7 10. Ne3 h6 11. Bh4 Nf6 12. O-O O-O 13. c4 dxc4 14. Nxc4 Nd5 15. Bg3 Nf4 16. Bxf4 Qxf4 17. Qd3 a6 18. g3 Qf6 19. Rac1 Rd8 20. a3 Bc5 21. Nce5 Bxd4 22. Ng4 Qf5 23. Qxf5 exf5 24. Bc4+ Kf8 25. Nxd4 Rxd4 26. Ne3 Ne5 27. Bd5 c6 28. Bg2 Be6 29. Rc2 Kf7 30. f4 Nd7 31. Re1 Nf6 32. Rce2 Re8 33. Nc2 Rdd8 34. Bf1 Bd5 35. Re5 Be4 36. Ne3 g6 37. Bc4+ Kf8 38. Re2 Rd7 39. Kf2 Red8 40. Re6 Rd6 41. Rxd6 Rxd6 42. Ke1 b5 43. Ba2 Bd3 44. Rd2 Ne4 45. Rd1 Ke7 46. g4 Nf6 47. gxf5 gxf5 48. Rc1 Nh5 49. Rc5 Nxf4 50. Rxf5 Bxf5 51. Nxf5+ Kd7 52. Nxd6 Kxd6 53. Kd2 c5 54. Ke3 Ke5 55. Bb1 Nd5+ 56. Kd2 c4 57. Bg6 Kd4 58. Kc2 Ne3+ 59. Kb1 a5 60. h3 b4 61. axb4 axb4 62. Kc1 b3 63. Bf7 Nf1 64. Be6 Ng3 65. Kd2 Ne4+ 66. Kd1 Nc5 67. Bf5 Nd3 0-1

[Event "EYCC Girls-U16 2019"]
[Site "Bratislava"]
[Date "2019.08.04"]
[Round "3.23"]
[White "Walterova, Ema"]
[Black "Pipia, Ekaterine"]
[Result "0-1"]
[ECO "B06"]
[WhiteElo "1761"]
[BlackElo "1945"]
[Annotator "NA"]
[PlyCount "96"]
[EventDate "2019.08.02"]
[EventType "swiss"]
[EventCountry "SVK"]
[SourceTitle "playchess.com"]
[Source "ChessBase"]
[SourceQuality "1"]
[TimeControl "40/5400+30:1800+30"]

1. e4 g6 2. d4 Bg7 3. Nc3 d6 4. Nf3 a6 5. h3 b5 6. a4 b4 7. Nd5 a5 8. Bc4 e6 9. Ne3 Bb7 10. d5 e5 11. Ng4 h5 12. Ne3 Nf6 13. Nd2 Nbd7 14. c3 bxc3 15. bxc3 O-O 16. Rb1 Qc8 17. Ba3 Bh6 18. Qe2 h4 19. Rb2 Ba6 20. Bxa6 Qxa6 21. c4 Rab8 22. Rb5 Qa7 23. O-O Bxe3 24. Qxe3 Qxe3 25. fxe3 Rxb5 26. axb5 Kg7 27. Rc1 Rb8 28. Kf2 Nh5 29. Ke2 Ng3+ 30. Kd3 Kh6 31. Nf1 Nh5 32. Nd2 f5 33. Rf1 Ng3 34. Rf2 Rf8 35. exf5 gxf5 36. Kc3 e4 37. Nb3 Ne5 38. Nd4 Nd3 39. Rd2 f4 40. exf4 Nxf4 41. Bc1 e3 42. Rd1 Nxg2 43. Kd3 Nf1 44. Ne6 Rf2 45. Nd4 Kh7 46. Ne2 Rxe2 47. Kxe2 Ng3+ 48. Kf3 e2 0-1

[Event "EYCC Girls-U16 2019"]
[Site "Bratislava"]
[Date "2019.08.04"]
[Round "3.24"]
[White "Levitan, Ronit"]
[Black "Taragelova, Martina"]
[Result "1/2-1/2"]
[ECO "B13"]
[WhiteElo "2022"]
[BlackElo "1719"]
[Annotator "NA"]
[PlyCount "65"]
[EventDate "2019.08.02"]
[EventType "swiss"]
[EventCountry "SVK"]
[SourceTitle "playchess.com"]
[Source "ChessBase"]
[SourceQuality "1"]
[TimeControl "40/5400+30:1800+30"]

1. e4 c6 2. d4 d5 3. exd5 cxd5 4. c4 Nf6 5. Nc3 Nc6 6. Nf3 g6 7. cxd5 Nxd5 8. Qb3 Nxc3 9. Bc4 e6 10. bxc3 Bg7 11. Ba3 Bf8 12. Bxf8 Kxf8 13. O-O Kg7 14. Qc2 b6 15. Qe2 Bb7 16. Rfe1 Rc8 17. Bb3 Qd6 18. Rac1 Rhd8 19. h4 Ne7 20. h5 Nd5 21. Bxd5 Qxd5 22. hxg6 hxg6 23. a4 Qh5 24. Qe5+ Qxe5 25. Nxe5 Rc7 26. a5 b5 27. Nd3 Bd5 28. f3 Bc4 29. Nb4 Rdc8 30. Na6 Rc6 31. Nb4 R6c7 32. Na6 Rc6 33. Nb4 1/2-1/2

[Event "EYCC Girls-U16 2019"]
[Site "Bratislava"]
[Date "2019.08.05"]
[Round "4.1"]
[White "Hryzlova, Sofiia"]
[Black "Waszczuk, Patrycja"]
[Result "0-1"]
[ECO "A00"]
[WhiteElo "1799"]
[BlackElo "2119"]
[Annotator "NA"]
[PlyCount "64"]
[EventDate "2019.08.02"]
[EventType "swiss"]
[EventCountry "SVK"]
[SourceTitle "playchess.com"]
[Source "ChessBase"]
[SourceQuality "1"]
[TimeControl "40/5400+30:1800+30"]

1. e3 d5 2. b3 e5 3. d4 e4 4. c4 c6 5. Nc3 Be6 6. Qc2 f5 7. Nh3 Nf6 8. f3 Bd6 9. Bd2 a6 10. c5 Bc7 11. Nf2 O-O 12. O-O-O Nbd7 13. g4 exf3 14. gxf5 Ng4 15. Nxg4 Bxf5 16. Nh6+ gxh6 17. e4 dxe4 18. Rg1+ Kh8 19. Bxh6 Rg8 20. Bc4 Rg6 21. Qd2 Qf6 22. Bg5 Qf8 23. h4 b5 24. cxb6 Nxb6 25. Bf1 h6 26. Be3 Rxg1 27. Bxg1 Qa3+ 28. Qb2 Bf4+ 29. Kb1 e3+ 30. Bd3 Bxd3+ 31. Rxd3 Qxb2+ 32. Kxb2 f2 0-1

[Event "EYCC Girls-U16 2019"]
[Site "Bratislava"]
[Date "2019.08.05"]
[Round "4.2"]
[White "Getman, Tatyana"]
[Black "Kuhar, Larisa"]
[Result "1/2-1/2"]
[ECO "D20"]
[WhiteElo "2143"]
[BlackElo "1894"]
[Annotator "NA"]
[PlyCount "67"]
[EventDate "2019.08.02"]
[EventType "swiss"]
[EventCountry "SVK"]
[SourceTitle "playchess.com"]
[Source "ChessBase"]
[SourceQuality "1"]
[TimeControl "40/5400+30:1800+30"]

1. d4 d5 2. c4 dxc4 3. e4 e5 4. Nf3 exd4 5. Bxc4 Nc6 6. O-O Be6 7. Bxe6 fxe6 8. Qb3 Qd7 9. Qxb7 Rb8 10. Qa6 Nf6 11. Nbd2 Bd6 12. Re1 Ng4 13. Nc4 O-O 14. h3 Nge5 15. Ncxe5 Nxe5 16. Nxe5 Bxe5 17. Qxa7 d3 18. Be3 Rxb2 19. Rad1 d2 20. Rf1 Bc3 21. Qa3 Qd3 22. Qc5 Rfb8 23. Qc6 h6 24. Qxe6+ Kh7 25. Qf5+ Kh8 26. Qf4 Rxa2 27. Qxc7 Rab2 28. Qf4 R8b5 29. g3 Be5 30. Qf8+ Kh7 31. Qf5+ Kh8 32. Qf8+ Kh7 33. Qf5+ Kh8 34. Qf8+ 1/2-1/2

[Event "EYCC Girls-U16 2019"]
[Site "Bratislava"]
[Date "2019.08.05"]
[Round "4.4"]
[White "Siekanska, Zuzanna"]
[Black "Lehaci, Miruna-Daria"]
[Result "0-1"]
[ECO "E12"]
[WhiteElo "1570"]
[BlackElo "2201"]
[Annotator "NA"]
[PlyCount "92"]
[EventDate "2019.08.02"]
[EventType "swiss"]
[EventCountry "SVK"]
[SourceTitle "playchess.com"]
[Source "ChessBase"]
[SourceQuality "1"]
[TimeControl "40/5400+30:1800+30"]

1. d4 Nf6 2. c4 e6 3. Nf3 b6 4. a3 Ba6 5. e3 d5 6. b3 Be7 7. Bb2 O-O 8. Be2 Nbd7 9. O-O c6 10. cxd5 Bxe2 11. Qxe2 cxd5 12. Nbd2 Qb8 13. Ne5 Rc8 14. Rac1 Qb7 15. f4 Rxc1 16. Rxc1 Rc8 17. Rxc8+ Qxc8 18. Qd3 Ne8 19. Nb1 f6 20. Nxd7 Qxd7 21. Nc3 Nd6 22. Kf2 f5 23. Qe2 Ne8 24. Qb5 Qc8 25. Qd3 Nf6 26. h3 Bxa3 27. Bxa3 Qxc3 28. Qxc3 Ne4+ 29. Ke2 Nxc3+ 30. Kd3 Ne4 31. Bb4 Kf7 32. Be1 h5 33. Kc2 Ke8 34. Kb2 Kd7 35. Ka3 Kc6 36. Kb4 a6 37. Ka4 a5 38. b4 axb4 39. Kxb4 Nd6 40. Kc3 Kb5 41. Kb3 Nc4 42. Bf2 Na5+ 43. Kc3 Ka4 44. Kc2 b5 45. Kc3 b4+ 46. Kc2 Ka3 0-1

[Event "EYCC Girls-U16 2019"]
[Site "Bratislava"]
[Date "2019.08.05"]
[Round "4.5"]
[White "Malicka, Maria"]
[Black "Dylag, Emilia"]
[Result "1-0"]
[ECO "B34"]
[WhiteElo "2115"]
[BlackElo "2099"]
[Annotator "NA"]
[PlyCount "107"]
[EventDate "2019.08.02"]
[EventType "swiss"]
[EventCountry "SVK"]
[SourceTitle "playchess.com"]
[Source "ChessBase"]
[SourceQuality "1"]
[TimeControl "40/5400+30:1800+30"]

1. e4 c5 2. Nf3 Nc6 3. d4 cxd4 4. Nxd4 Nf6 5. Nc3 e5 6. Ndb5 d6 7. a4 a6 8. Na3 h6 9. Bc4 Be7 10. O-O O-O 11. Be3 Be6 12. Qd2 Rc8 13. Rfd1 Nb4 14. b3 Ng4 15. Nd5 Nxd5 16. Bxd5 Bxd5 17. Qxd5 Nxe3 18. fxe3 Qc7 19. Nc4 Qc6 20. a5 Rfd8 21. Rf1 Qxd5 22. exd5 Rc5 23. e4 Rf8 24. Ra4 f5 25. Rxf5 Rxf5 26. exf5 Rxd5 27. Rb4 Rb5 28. Rxb5 axb5 29. Ne3 b4 30. Nd5 Bd8 31. Nxb4 Bxa5 32. Nd5 Kf7 33. Kf2 Ke8 34. b4 Bd8 35. c4 Kd7 36. b5 Ke8 37. g4 Bh4+ 38. Kf3 Kd7 39. Ke4 Bg5 40. Nb6+ Kc7 41. Na4 b6 42. Nc3 Bd8 43. Kd5 Kd7 44. Ne4 Be7 45. h3 Bf8 46. h4 Be7 47. g5 hxg5 48. hxg5 Bf8 49. g6 Be7 50. f6 Bf8 51. fxg7 Bxg7 52. Nxd6 Bf6 53. Nf5 Ke8 54. Ke6 1-0

[Event "EYCC Girls-U16 2019"]
[Site "Bratislava"]
[Date "2019.08.05"]
[Round "4.6"]
[White "Djidjeli, Sarah"]
[Black "Marcinczyk, Monika"]
[Result "0-1"]
[ECO "B81"]
[WhiteElo "2017"]
[BlackElo "1960"]
[Annotator "NA"]
[PlyCount "116"]
[EventDate "2019.08.02"]
[EventType "swiss"]
[EventCountry "SVK"]
[SourceTitle "playchess.com"]
[Source "ChessBase"]
[SourceQuality "1"]
[TimeControl "40/5400+30:1800+30"]

1. e4 c5 2. Nf3 e6 3. d4 cxd4 4. Nxd4 Nf6 5. Nc3 d6 6. g4 h6 7. h3 g5 8. h4 Rg8 9. hxg5 hxg5 10. Be3 Nbd7 11. Be2 Ne5 12. f3 a6 13. Qd2 Nfd7 14. Nb3 b5 15. Rh5 Be7 16. Qd4 Qc7 17. a4 Bf6 18. Qd2 Nc4 19. Bxc4 bxc4 20. Nd4 Rb8 21. Ra2 Bxd4 22. Bxd4 Qd8 23. Kf2 Ne5 24. Rh6 Bd7 25. a5 Bc6 26. Be3 f6 27. Rh7 Rb7 28. Rh5 Qb8 29. Bb6 Nd7 30. Bd4 Kf7 31. Qe2 d5 32. exd5 Bxd5 33. Nxd5 exd5 34. Qe1 Ne5 35. Qh1 Nxg4+ 36. Kg2 Ne5 37. Rh7+ Ke6 38. Bxe5 Rxh7 39. Qxh7 Kxe5 40. Qe7+ Kf5 41. Qh7+ Ke6 42. Ra1 Kd6 43. Rd1 Qe8 44. Rd2 g4 45. f4 Qg6 46. Qxg6 Rxg6 47. Re2 Rg7 48. Kg3 f5 49. c3 Re7 50. Rh2 Re3+ 51. Kh4 Rh3+ 52. Rxh3 gxh3 53. Kxh3 d4 54. cxd4 Kd5 55. Kh4 Kxd4 56. Kg5 Ke4 57. Kh4 Kd5 58. Kh5 Kd4 0-1

[Event "EYCC Girls-U16 2019"]
[Site "Bratislava"]
[Date "2019.08.05"]
[Round "4.7"]
[White "Yedigaryan, Asya"]
[Black "Afanasieva, Alexandra"]
[Result "0-1"]
[ECO "A06"]
[WhiteElo "1583"]
[BlackElo "2085"]
[Annotator "NA"]
[PlyCount "72"]
[EventDate "2019.08.02"]
[EventType "swiss"]
[EventCountry "SVK"]
[SourceTitle "playchess.com"]
[Source "ChessBase"]
[SourceQuality "1"]
[TimeControl "40/5400+30:1800+30"]

1. g3 d5 2. Nf3 c6 3. b3 Nf6 4. Bb2 Bg4 5. Bg2 Nbd7 6. d3 e6 7. Nbd2 Bd6 8. O-O O-O 9. h3 Bh5 10. Qe1 e5 11. e4 Re8 12. Nh4 dxe4 13. dxe4 Bf8 14. Nf5 Qc7 15. g4 Bg6 16. Ng3 Nc5 17. Qe2 Ne6 18. Nc4 Nd7 19. Rad1 f6 20. Nf5 Nf4 21. Qe3 b5 22. Nd2 Bc5 23. Qe1 Nf8 24. Nf3 N8e6 25. Kh1 h5 26. N3h4 hxg4 27. hxg4 Kf7 28. b4 Rh8 29. Kg1 Nxg2 30. Kxg2 Nf4+ 31. Kg3 Bxf5 32. Rh1 Bxg4 33. Kxg4 Qc8+ 34. Kf3 Be7 35. Nf5 g6 36. Nd6+ Bxd6 0-1

[Event "EYCC Girls-U16 2019"]
[Site "Bratislava"]
[Date "2019.08.05"]
[Round "4.8"]
[White "Hercog, Nusa"]
[Black "Dubovyk, Anastasiia"]
[Result "1-0"]
[ECO "D37"]
[WhiteElo "2053"]
[BlackElo "1824"]
[Annotator "NA"]
[PlyCount "87"]
[EventDate "2019.08.02"]
[EventType "swiss"]
[EventCountry "SVK"]
[SourceTitle "playchess.com"]
[Source "ChessBase"]
[SourceQuality "1"]
[TimeControl "40/5400+30:1800+30"]

1. d4 d5 2. c4 e6 3. Nf3 Nf6 4. Nc3 Be7 5. Bf4 O-O 6. e3 c5 7. dxc5 Bxc5 8. a3 Nc6 9. Qc2 Qa5 10. Rd1 Be7 11. Be2 dxc4 12. Bxc4 a6 13. O-O b5 14. Bd3 Bb7 15. Ne4 h6 16. Bd6 Nxe4 17. Bxe4 Rac8 18. Qb1 Bxd6 19. Rxd6 b4 20. Rc1 Nd8 21. Rxc8 Bxc8 22. Qe1 Bb7 23. Bxb7 Nxb7 24. axb4 Qa4 25. Rb6 Rd8 26. Nd4 e5 27. b3 Qd7 28. Nc6 Qd1 29. Qf1 Qd6 30. Qxa6 Rc8 31. h3 Rc7 32. b5 Nc5 33. Qa1 e4 34. Qd4 Qxd4 35. Nxd4 Ra7 36. Rc6 Nd3 37. b6 Rb7 38. Nf5 Nb4 39. Nd6 Nxc6 40. Nxb7 f5 41. Nc5 Kf7 42. b7 Nb8 43. b4 Ke7 44. b5 1-0

[Event "EYCC Girls-U16 2019"]
[Site "Bratislava"]
[Date "2019.08.05"]
[Round "4.9"]
[White "Eizaguerri Floris, Maria"]
[Black "Sade, Defne"]
[Result "0-1"]
[ECO "C54"]
[WhiteElo "2099"]
[BlackElo "1897"]
[Annotator "NA"]
[PlyCount "34"]
[EventDate "2019.08.02"]
[EventType "swiss"]
[EventCountry "SVK"]
[SourceTitle "playchess.com"]
[Source "ChessBase"]
[SourceQuality "1"]
[TimeControl "40/5400+30:1800+30"]

1. e4 e5 2. Nf3 Nc6 3. Bc4 Bc5 4. c3 Nf6 5. d3 a6 6. Bb3 Ba7 7. Nbd2 O-O 8. O-O d6 9. h3 Nh5 10. Re1 Qf6 11. Nf1 Qg6 12. Nh4 Qf6 13. Nf3 Qg6 14. g4 Bxg4 15. hxg4 Qxg4+ 16. Kh1 Bxf2 17. N3h2 Qg1# 0-1

[Event "EYCC Girls-U16 2019"]
[Site "Bratislava"]
[Date "2019.08.05"]
[Round "4.10"]
[White "Aubert, Estee"]
[Black "Loskutova, Viktoriya"]
[Result "0-1"]
[ECO "D00"]
[WhiteElo "1979"]
[BlackElo "2019"]
[Annotator "NA"]
[PlyCount "72"]
[EventDate "2019.08.02"]
[EventType "swiss"]
[EventCountry "SVK"]
[SourceTitle "playchess.com"]
[Source "ChessBase"]
[SourceQuality "1"]
[TimeControl "40/5400+30:1800+30"]

1. d4 d5 2. Nc3 Nf6 3. Bf4 a6 4. e3 c5 5. dxc5 Nc6 6. Nf3 e6 7. Na4 Nd7 8. Be2 Nxc5 9. Nxc5 Bxc5 10. O-O O-O 11. Ne5 f6 12. Nxc6 bxc6 13. c4 e5 14. Bg3 Be6 15. Qa4 Qb6 16. b4 Be7 17. Rfc1 Rfc8 18. a3 a5 19. b5 cxb5 20. cxb5 Bc5 21. Bd3 Bxe3 22. Rc6 Rxc6 23. bxc6 Bd4 24. Rb1 Qc5 25. Rb7 Rc8 26. c7 Kf8 27. Qc2 Qxc2 28. Bxc2 h6 29. Kf1 Bc5 30. Rb5 Bxa3 31. Rxa5 Rxc7 32. Bb3 Bb4 33. Ra8+ Ke7 34. f3 d4 35. Ba4 Rc1+ 36. Kf2 Be1+ 0-1

[Event "EYCC Girls-U16 2019"]
[Site "Bratislava"]
[Date "2019.08.05"]
[Round "4.11"]
[White "Kuzich, Aryna"]
[Black "Duran, Esma Doga"]
[Result "1-0"]
[ECO "C01"]
[WhiteElo "1940"]
[BlackElo "2096"]
[Annotator "NA"]
[PlyCount "119"]
[EventDate "2019.08.02"]
[EventType "swiss"]
[EventCountry "SVK"]
[SourceTitle "playchess.com"]
[Source "ChessBase"]
[SourceQuality "1"]
[TimeControl "40/5400+30:1800+30"]

1. e4 e6 2. d4 d5 3. exd5 exd5 4. Nf3 Bd6 5. Bd3 Nc6 6. c3 Bg4 7. Be3 Nge7 8. h3 Bh5 9. Nbd2 Qd7 10. Qc2 O-O-O 11. O-O-O h6 12. g4 Bg6 13. Nb3 b6 14. Ba6+ Kb8 15. Qe2 Ka8 16. Ne5 Nxe5 17. dxe5 Bxe5 18. f4 Qa4 19. f5 Qxa2 20. Kc2 Nxf5 21. gxf5 Bxf5+ 22. Bd3 Bxd3+ 23. Qxd3 Qa4 24. Ra1 Qe4 25. Qxe4 dxe4 26. Ra4 f5 27. Rha1 Kb7 28. Rxa7+ Kc6 29. Bd4 Rhe8 30. Bxe5 Rxe5 31. Nd4+ Kd7 32. Rd1 Rd5 33. Nxf5 Rxd1 34. Kxd1 Kc8+ 35. Ke2 Rd3 36. Ne3 b5 37. Ra8+ Kd7 38. Rg8 g5 39. Rb8 c6 40. Rh8 b4 41. Rh7+ Kd8 42. Rxh6 bxc3 43. bxc3 Rxc3 44. Re6 Rc1 45. Kf2 Kd7 46. Rxe4 Kd6 47. Rg4 Rc5 48. Re4 Rc3 49. Kf3 Rc1 50. Kg4 Rg1+ 51. Kh5 Rh1 52. Nf5+ Kd5 53. Re3 c5 54. Kxg5 c4 55. h4 Rc1 56. h5 c3 57. Rg3 c2 58. Ne3+ Ke4 59. h6 Kd3 60. Nxc2+ 1-0

[Event "EYCC Girls-U16 2019"]
[Site "Bratislava"]
[Date "2019.08.05"]
[Round "4.12"]
[White "Ilyina, Lada"]
[Black "Kvendseth, Thyra"]
[Result "0-1"]
[ECO "E87"]
[WhiteElo "2048"]
[BlackElo "1977"]
[Annotator "NA"]
[PlyCount "120"]
[EventDate "2019.08.02"]
[EventType "swiss"]
[EventCountry "SVK"]
[SourceTitle "playchess.com"]
[Source "ChessBase"]
[SourceQuality "1"]
[TimeControl "40/5400+30:1800+30"]

1. d4 Nf6 2. c4 g6 3. Nc3 Bg7 4. e4 d6 5. f3 O-O 6. Be3 e5 7. d5 Nh5 8. Qd2 f5 9. O-O-O Nf6 10. Bg5 Nbd7 11. Bd3 f4 12. Bh4 Nc5 13. Bc2 Nfxe4 14. Bxd8 Nxd2 15. Be7 Nxc4 16. Bxf8 Bxf8 17. g4 c6 18. b4 Nd7 19. Bb3 Ndb6 20. Nh3 Kg7 21. Ng5 Ne3 22. Rd3 cxd5 23. Nxd5 Nbxd5 24. Bxd5 Nxd5 25. Rxd5 h6 26. Ne4 Be6 27. Rd2 Rc8+ 28. Rc2 Rxc2+ 29. Kxc2 b6 30. a3 d5 31. Nf2 Bd7 32. Kb3 Bb5 33. Re1 Kf6 34. Kc3 Bd6 35. Kd2 Bc4 36. Nd3 Ba6 37. h4 Bb7 38. Nf2 Ke6 39. h5 g5 40. Kd3 Ba6+ 41. Kc3 Bb5 42. Kb3 Bc4+ 43. Kc3 a5 44. Nd1 axb4+ 45. axb4 b5 46. Nb2 d4+ 47. Kc2 Bxb4 48. Ra1 Be2 49. Nd3 Bd6 50. Ne1 d3+ 51. Nxd3 Bxf3 52. Nf2 e4 53. Ra7 e3 54. Nd3 Be4 55. Kc3 e2 56. Ra1 Bxd3 57. Kxd3 f3 58. Ke3 Bb4 59. Kf2 e1=Q+ 60. Rxe1+ Bxe1+ 0-1

[Event "EYCC Girls-U16 2019"]
[Site "Bratislava"]
[Date "2019.08.05"]
[Round "4.13"]
[White "Guillo Longares, Cecilia"]
[Black "Mkrtchyan, Mariam"]
[Result "0-1"]
[ECO "A40"]
[WhiteElo "1916"]
[BlackElo "1981"]
[Annotator "NA"]
[PlyCount "90"]
[EventDate "2019.08.02"]
[EventType "swiss"]
[EventCountry "SVK"]
[SourceTitle "playchess.com"]
[Source "ChessBase"]
[SourceQuality "1"]
[TimeControl "40/5400+30:1800+30"]

1. d4 g6 2. c4 Bg7 3. Nf3 d6 4. g3 Nd7 5. Bg2 e5 6. Nc3 Ne7 7. O-O O-O 8. e4 exd4 9. Nxd4 Nc6 10. Nde2 a5 11. Be3 Nc5 12. Qd2 Be6 13. b3 a4 14. Rab1 axb3 15. axb3 Ra3 16. Qc2 Nb4 17. Qd1 c6 18. Bd4 Bxd4 19. Nxd4 Qf6 20. Nce2 Rfa8 21. f4 Bg4 22. h3 Bxe2 23. Nxe2 Ra2 24. g4 h6 25. Ng3 Ncd3 26. Qf3 Rc2 27. e5 dxe5 28. fxe5 Qe7 29. Ra1 Rxa1 30. Rxa1 Qxe5 31. Rf1 Qe7 32. Ne4 Kg7 33. Qe3 Qe5 34. Qf3 Qe7 35. Qe3 c5 36. Qf3 Rb2 37. Nd6 Ne5 38. Qd1 Qg5 39. Nxb7 Qe3+ 40. Kh1 Nbd3 41. Kh2 Nf4 42. Rxf4 Qxf4+ 43. Kh1 Qg3 44. Qf1 Rf2 45. Qg1 Nf3 0-1

[Event "EYCC Girls-U16 2019"]
[Site "Bratislava"]
[Date "2019.08.05"]
[Round "4.14"]
[White "Radikovic, Anamarija"]
[Black "Ozbek, Busra"]
[Result "0-1"]
[ECO "B08"]
[WhiteElo "2021"]
[BlackElo "1866"]
[Annotator "NA"]
[PlyCount "111"]
[EventDate "2019.08.02"]
[EventType "swiss"]
[EventCountry "SVK"]
[SourceTitle "playchess.com"]
[Source "ChessBase"]
[SourceQuality "1"]
[TimeControl "40/5400+30:1800+30"]

1. d4 d6 2. e4 Nf6 3. Nc3 g6 4. Nf3 Bg7 5. Be2 c6 6. a4 Qc7 7. O-O O-O 8. Be3 Nbd7 9. Qd2 b6 10. Bh6 Bb7 11. Rfe1 e5 12. Bxg7 Kxg7 13. dxe5 dxe5 14. Bc4 h6 15. Rad1 a6 16. h4 b5 17. Bf1 b4 18. Ne2 Qb6 19. Ng3 Rad8 20. Qe2 Ng4 21. h5 a5 22. Nh4 Ndf6 23. Qf3 Bc8 24. Bd3 Nh7 25. Bc4 Ng5 26. Qe2 Rd4 27. Rxd4 Qxd4 28. b3 Rd8 29. hxg6 fxg6 30. Bd3 Rf8 31. Rf1 Kh7 32. Nf3 Rxf3 33. gxf3 Nh3+ 34. Kh1 Nhxf2+ 35. Kg2 Nxd3 36. fxg4 Nf4+ 37. Rxf4 exf4 38. Nf1 Kg7 39. Nh2 Qc3 40. Nf1 Be6 41. Qf2 Qe5 42. Qe2 Qg5 43. Nh2 h5 44. Qd1 Bxg4 45. Qd4+ Kh7 46. Qa7+ Kh6 47. Qb8 Be6+ 48. Kh1 Qf6 49. Nf3 Bg4 50. Nh2 f3 51. e5 Qf4 52. Qh8+ Kg5 53. Qd8+ Kf5 54. Qf6+ Ke4 55. Qxf4+ Kxf4 56. e6 0-1

[Event "EYCC Girls-U16 2019"]
[Site "Bratislava"]
[Date "2019.08.05"]
[Round "4.15"]
[White "Rzali, Sabina"]
[Black "Srdanovic, Jovana"]
[Result "0-1"]
[ECO "B20"]
[WhiteElo "1691"]
[BlackElo "1975"]
[Annotator "NA"]
[PlyCount "56"]
[EventDate "2019.08.02"]
[EventType "swiss"]
[EventCountry "SVK"]
[SourceTitle "playchess.com"]
[Source "ChessBase"]
[SourceQuality "1"]
[TimeControl "40/5400+30:1800+30"]

1. e4 c5 2. b3 Nc6 3. Bb2 d6 4. f4 Nf6 5. d3 e5 6. fxe5 dxe5 7. Nf3 Bg4 8. h3 Bxf3 9. Qxf3 Nd4 10. Qf2 Be7 11. Na3 Nh5 12. h4 O-O 13. g4 Nf4 14. O-O-O Ng6 15. h5 Bg5+ 16. Kb1 Nf4 17. Nc4 Qc7 18. Ne3 h6 19. Nf5 a5 20. c3 Nxf5 21. gxf5 a4 22. bxa4 Rxa4 23. a3 Rfa8 24. Kc2 b5 25. d4 cxd4 26. Bxb5 Rxa3 27. c4 d3+ 28. Kb1 Rb3 0-1

[Event "EYCC Girls-U16 2019"]
[Site "Bratislava"]
[Date "2019.08.05"]
[Round "4.16"]
[White "Jarocka, Liwia"]
[Black "Mikic, Ivana"]
[Result "1/2-1/2"]
[ECO "C49"]
[WhiteElo "2102"]
[BlackElo "1884"]
[Annotator "NA"]
[PlyCount "83"]
[EventDate "2019.08.02"]
[EventType "swiss"]
[EventCountry "SVK"]
[SourceTitle "playchess.com"]
[Source "ChessBase"]
[SourceQuality "1"]
[TimeControl "40/5400+30:1800+30"]

1. e4 e5 2. Nf3 Nc6 3. Nc3 Nf6 4. Bb5 Bb4 5. O-O O-O 6. d3 d6 7. Bg5 Bxc3 8. bxc3 a6 9. Bxc6 bxc6 10. h3 Qe7 11. Qc1 h6 12. Bh4 Qe6 13. Bxf6 Qxf6 14. Qe3 c5 15. Rab1 Be6 16. c4 Rfb8 17. Nd2 Qg5 18. Qxg5 hxg5 19. Rb3 Rxb3 20. axb3 a5 21. Ra1 Bd7 22. Nb1 Kf8 23. Nc3 c6 24. Kf1 Ke7 25. Ke2 Be6 26. Kd2 Kd7 27. Na4 Ra6 28. Re1 Ra7 29. Re3 f6 30. Rg3 Kd8 31. Kc3 Re7 32. Kb2 Kc7 33. Ka3 Kb7 34. Nc3 Ka6 35. Na4 Kb7 36. Kb2 Kc8 37. Re3 Ra7 38. Re1 Kb7 39. Rh1 Ra8 40. Re1 Rh8 41. Re3 Rh4 42. Nc3 1/2-1/2

[Event "EYCC Girls-U16 2019"]
[Site "Bratislava"]
[Date "2019.08.05"]
[Round "4.17"]
[White "Pipia, Ekaterine"]
[Black "Esadze, Tamari"]
[Result "1/2-1/2"]
[ECO "D56"]
[WhiteElo "1945"]
[BlackElo "1997"]
[Annotator "NA"]
[PlyCount "67"]
[EventDate "2019.08.02"]
[EventType "swiss"]
[EventCountry "SVK"]
[SourceTitle "playchess.com"]
[Source "ChessBase"]
[SourceQuality "1"]
[TimeControl "40/5400+30:1800+30"]

1. d4 d5 2. c4 e6 3. Nf3 Nf6 4. Nc3 Be7 5. Bg5 O-O 6. e3 h6 7. Bh4 Nbd7 8. Rc1 c6 9. Bd3 dxc4 10. Bxc4 Nd5 11. Bxe7 Qxe7 12. Ne4 f5 13. Ned2 N5f6 14. Qb3 Nd5 15. O-O a5 16. a3 Qf6 17. Bd3 a4 18. Qa2 Kh8 19. Nc4 N5b6 20. Nxb6 Nxb6 21. Ne5 Nd7 22. f4 Nxe5 23. dxe5 Qe7 24. e4 Rd8 25. Qb1 g6 26. Rf3 Bd7 27. Bc2 Be8 28. Rd1 Rxd1+ 29. Qxd1 Rd8 30. Rd3 Qc5+ 31. Kh1 Rxd3 32. Qxd3 Qf2 33. h3 Kg7 34. exf5 1/2-1/2